Description

Max out at 10:18

Replay - Silver 1 - ZvT - Game 5

Build Order

Get SALT Encoding   

  12  0:00  Drone  
  13  0:13  Overlord  
  13  0:22  Drone  
  14  0:33  Drone x2  
  16  0:51  Hatchery  
  15  0:58  Drone x3  
  18  1:19  Spawning Pool, Drone  
  18  1:32  Drone x2  
  20  1:40  Extractor  
  19  1:59  Overlord  
  20  2:06  Queen x2  
  34  2:54  Lair  
  34  2:55  Queen  
  34  2:56  Overlord  
  36  3:09  Overlord  
  44  3:24  Roach Warren  
  43  3:28  Evolution Chamber  
  43  3:33  Extractor x2  
  43  3:42  Overlord  
  51  4:06  Glial Reconstitution  
  51  4:10  Zerg Missile Weapons Level 1  
  51  4:12  Hatchery  
  50  4:20  Roach x3  
  56  4:29  Roach x2  
  65  4:41  Queen  
  76  5:17  Hydralisk Den  
  76  5:18  Evolution Chamber  
  77  5:38  Extractor  
  76  5:48  Grooved Spines  
  82  5:50  Zerg Ground Armor Level 1  
  82  6:01  Extractor x2  
  84  6:08  Hatchery  
  83  6:32  Hydralisk x10  
  118  6:59  Muscular Augments  
  140  7:53  Hatchery  
  140  7:56  Zerg Ground Armor Level 2, Zerg Missile Weapons Level 2  
  139  8:01  Infestation Pit  
  138  8:08  Extractor x2  
  139  8:29  Hatchery  
  170  9:02  Hive  
  170  10:05  Lurker Den  
  197  10:27  Overseer x3  
  199  10:29  Zerg Ground Armor Level 3, Zerg Missile Weapons Level 3  
Spawning Tool Build Advisor. Get it on Overwolf

Go to:

Details

  • Created by: g.georgi@gmail.com
  • Published on: Apr 30, 2025
  • Modified on: Apr 30, 2025
  • Patch: 5.0.11
  • Difficulty: Medium
Show
View Real Time Build Order
Export as new Build Order

Comments (0)

There are no comments. Be the first!

Create an account to comment!